 Dungeon Crawl Stone Soup version 0.23-a0-172-g8f65603 (webtiles) character file.

168 w00t the Skirmisher (level 5, -3/44 HPs)
             Began as a Formicid Wanderer on Sept 15, 2018.
             Slain by Crazy Yiuf
             ... wielding a +2 quarterstaff of chaos
              (12 damage)
             ... on level 2 of the Dungeon.
             The game lasted 00:04:11 (2331 turns).

w00t the Skirmisher (Formicid Wanderer)             Turns: 2331, Time: 00:04:11

Health: -3/44      AC:  8    Str: 15 (17) XL:     5   Next: 78%
Magic:  5/5        EV:  6    Int:  9 (12) God:
Gold:   93         SH:  4    Dex:  9 (10) Spells: 4/4 levels left

rFire    . . .     SeeInvis +   a - +0 war axe
rCold    . . .     Gourm    .   c - +0 buckler
rNeg     . . .     Faith    .   n - +0 chain mail (curse)
rPois    .         Spirit   .   (helmet unavailable)
rElec    .         Reflect  .   (no cloak)
rCorr    .         Harm     .   (no gloves)
MR       .....                  (no boots)
Stlth    ..........             (no amulet)
HPRegen  0.14/turn              (no ring)
MPRegen  0.09/turn              (no ring)

@: lethally poisoned (-3 -> -9)
A: permanent stasis, dig shafts and tunnels, four strong arms, antennae 3
a: Dig, Shaft Self


You were on level 2 of the Dungeon.
You were near starving.

You visited 1 branch of the dungeon, and saw 2 of its levels.

You collected 93 gold pieces.

Inventory:

Hand Weapons
 a - a +0 war axe (weapon)
 b - a +0 flail
Missiles
 h - 38 stones (quivered)
Armour
 c - a +0 buckler (worn)
 n - a cursed +0 chain mail (worn)
Scrolls
 e - 4 scrolls of blinking {unknown}
 f - a scroll of immolation {unknown}
 g - 2 scrolls of amnesia {unknown}
 i - 4 scrolls of identify {unknown}
 j - 3 scrolls of remove curse {unknown}
 m - 2 scrolls of enchant weapon {unknown}
Comestibles
 d - 3 rations


   Skills:
 + Level 5.1 Fighting
 * Level 3.8 Axes
   Level 1.0 Crossbows
 + Level 2.6 Armour
 - Level 1.2 Stealth
 - Level 2.4 Shields


You had 4 spell levels left.
You didn't know any spells.
Your spell library was empty.

Dungeon Overview and Level Annotations

Branches:
Dungeon (2/15)

Altars:
Cheibriados

Annotations:
D:2 Crazy Yiuf


Innate Abilities, Weirdness & Mutations

You cannot be hasted, slowed, berserked, paralysed or teleported.
You can dig through walls and to a lower floor.
Your four strong arms can wield two-handed weapons with a shield.
You have a pair of large antennae on your head. (SInv)


Message History

You feel sick. Crazy Yiuf completely misses you. Crazy Yiuf barely misses you.
You barely miss Crazy Yiuf.
Crazy Yiuf is heavily wounded.
* * * LOW HITPOINT WARNING * * *
You feel sick. You block Crazy Yiuf's attack.
* * * LOW HITPOINT WARNING * * *
You feel sick.
You feel better. Crazy Yiuf barely misses you.
It was a potion of degeneration.
There was something very wrong with that liquid.
You feel weakened.
You feel dopey.
You feel clumsy.
You barely miss Crazy Yiuf.
Crazy Yiuf is heavily wounded.
Crazy Yiuf hits you with a quarterstaff of chaos.
* * * LOW HITPOINT WARNING * * *
You are poisoned.
Crazy Yiuf hits you with a quarterstaff of chaos.
* * * LOW HITPOINT WARNING * * *
You are electrocuted!
You die...

..###.########
### #........#
##......(#
#.####### #.#
######.# #......#
#### ♣♣####
#......###
#)..#♣♣ ♣♣..#.##
.........#
#...g@♣♣♣♣......#
.......###
#...#♣..♣.......#
.......# ####
♣♣♣.♣...#..#
....##.#
♣♣♣♣♣##.##
.#####.# #.#
.#####.# ### ##.#
.......## #.#
#..# ##......#
#.# ##.##
...####.# #.#
#######..#


You could see Crazy Yiuf.

Vanquished Creatures
  Terence (D:2)
  7 gnolls
  2 adders (D:2)
  2 oozes (D:1)
  2 giant cockroaches (D:1)
  5 goblins
  5 hobgoblins
  6 jackals
  6 kobolds
  A quokka (D:2)
  6 bats
  4 frilled lizards
  6 rats
53 creatures vanquished.

Notes
Turn   | Place    | Note
-------+----------+-------------------------------------------
     0 | D:1      | w00t the Formicid Wanderer began the quest for the Orb.
     0 | D:1      | w00t set off with: a +2 hand axe, a +0 ring mail, a +0
                  | buckler, a ration
     0 | D:1      | Reached XP level 1. HP: 20/20 MP: 1/1
   195 | D:1      | Reached XP level 2. HP: 26/26 MP: 2/2
   718 | D:1      | Reached XP level 3. HP: 31/31 MP: 3/3
  1107 | D:2      | Reached XP level 4. HP: 38/38 MP: 4/4
  1567 | D:2      | Found a snail-covered altar of Cheibriados.
  1584 | D:2      | Noticed Terence
  1640 | D:2      | Killed Terence
  1640 | D:2      | Reached skill level 5 in Fighting
  1640 | D:2      | Reached XP level 5. HP: 25/44 MP: 5/5
  2313 | D:2      | Found a runed door.
  2317 | D:2      | Noticed Crazy Yiuf
  2331 | D:2      | Slain by Crazy Yiuf

Vault maps used:
D:1:      eino_arrival_cavern_d
D:2:      overflow_temple_1_default, uniq_terence, uniq_crazy_yiuf_cottage

Skill      XL: |  1  2  3  4 |
---------------+-------------+-----
Shields        | 2 |  2.4
Axes           | 3 |  3.8
Armour         | 2 |  2.6
Fighting       | 5 |  5.1
Crossbows      | |  1.0
Stealth        | |  1.2

Action                   |  1- 3 |  4- 6 || total
-------------------------+-------+-------++-------
Melee: Hand axe          |    97 |    55 ||   152
       War axe           |       |    43 ||    43
Throw: Stone             |     3 |       ||     3
 Abil: Dig               |       |     1 ||     1
  Use: Potion            |       |     2 ||     2
  Eat: Chunk             |     1 |     2 ||     3
Armor: Ring mail         |    35 |       ||    35
       Chain mail        |     4 |    50 ||    54
Dodge: Dodged            |    44 |    31 ||    75
Block: Buckler           |    16 |    19 ||    35

Table legend:
 A = Non-vault XP
 B = Vault XP
 C = Vault XP percentage of total XP
 D = Non-vault monster count
 E = Vault monster count
 F = Vault count percentage of total count
                 A         B        C        D         E       F
            +---------+---------+-------+---------+---------+-------
      Total |     203 |      38 |  15.8 |      52 |       1 |   1.9
            +---------+---------+-------+---------+---------+-------
        D:1 |      80 |       0 |   0.0 |      28 |       0 |   0.0
        D:2 |     123 |      38 |  23.6 |      24 |       1 |   4.0
            +---------+---------+-------+---------+---------+-------
